Map: Cerulean Fall LE

Players

Gargantua - Winner!

  • Race: Terran Terran
  • League: Diamond
  • Spawn Location: 7:00

Apoptosis

  • Race: Zerg Zerg
  • League: Diamond
  • Spawn Location: 1:00

VOD

Have the link to the VOD?

Description

Time

  • Played on: Sept. 13, 2018, 8:57 a.m.
  • Length: 15:33
Show
View Real Time Build Order
Export as new Build Order

Gargantua Terran - Winner!

Build Orders: Reaper Expand, MMM Bio 

Get SALT Encoding   

  12  0:01  SCV  
  13  0:13  SCV  
  14  0:18  Supply Depot  
  14  0:25  SCV  
  15  0:40  SCV, Barracks  
  16  0:45  Refinery  
  16  0:52  SCV  
  17  1:04  SCV  
  18  1:16  SCV  
  19  1:28  Reaper  
  19  1:29  Orbital Command  
  20  1:35  Refinery  
  20  1:48  Command Center  
  20  1:58  SCV  
  21  2:06  Barracks Reactor  
  21  2:08  Supply Depot  
  21  2:11  SCV  
  22  2:17  Factory  
  22  2:23  SCV  
  23  2:51  Marine x2  
  24  2:54  SCV  
  25  3:01  Factory Tech Lab  
  25  3:02  Orbital Command  
  25  3:06  Starport, SCV  
  25  3:11  Marine, Barracks  
  27  3:14  Marine  
  27  3:18  SCV  
  29  3:28  Siege Tank  
  29  3:30  SCV x2  
  34  3:39  Marine x2  
  36  3:42  SCV x2  
  36  3:43  Medivac  
  40  3:53  Supply Depot  
  40  3:54  SCV x2  
  42  3:58  Barracks Tech Lab  
  42  3:59  Marine x2  
  45  4:10  SCV  
  45  4:11  SCV  
  45  4:14  Siege Tank  
  45  4:16  Barracks  
  49  4:22  Barracks  
  49  4:24  Marine x2  
  50  4:25  Medivac  
  50  4:28  Stimpack  
  50  4:30  Marine  
  54  4:40  Supply Depot  
  54  4:59  Engineering Bay  
  54  5:00  Engineering Bay  
  54  5:02  SCV x2, Marine x2  
  54  5:06  Supply Depot  
  58  5:11  Barracks Reactor  
  58  5:14  SCV  
  58  5:16  Siege Tank, Barracks Tech Lab  
  62  5:27  SCV x2, Marine x3, Medivac  
  69  5:31  Refinery  
  69  5:33  Refinery  
  69  5:36  Terran Infantry Weapons Level 1  
  69  5:38  Marine  
  70  5:46  Marine x2  
  70  5:47  SCV  
  73  5:50  Marine x2  
  73  5:51  Marine  
  73  5:56  Marine  
  77  6:04  Marine  
  78  6:29  Supply Depot  
  78  6:32  Marine x6, Medivac  
  86  6:37  Terran Infantry Armor Level 1  
  86  6:41  Combat Shield  
  86  6:51  Siege Tank, Marine x5  
  86  6:53  Supply Depot  
  94  7:14  Marine x3  
  94  7:15  SCV  
  98  7:16  Supply Depot  
  98  7:20  SCV  
  99  7:27  SCV  
  100  7:32  SCV  
  96  7:39  SCV  
  92  7:44  SCV  
  92  7:46  Marauder, Marine x2  
  92  7:47  Marine x2  
  92  7:48  Medivac  
  92  7:50  Siege Tank  
  105  7:51  SCV  
  105  7:56  SCV  
  105  7:57  Armory  
  106  8:03  SCV  
  106  8:04  Marine x3  
  110  8:12  Command Center  
  110  8:13  Supply Depot  
  110  8:23  Unknown  
  110  8:24  Unknown  
  110  8:35  Siege Tank, SCV x2, Medivac  
  117  8:51  Marine  
  117  8:55  Supply Depot  
  118  8:57  Terran Infantry Weapons Level 2  
  118  8:58  Marauder x2, Terran Infantry Armor Level 2, Marine x3  
  125  9:07  Siege Tank  
  125  9:09  Marine  
  129  9:11  Barracks  
  129  9:18  Supply Depot  
  129  9:20  Marauder  
  129  9:23  Marine  
  132  9:28  Barracks  
  132  9:29  Command Center  
  132  9:31  Planetary Fortress  
  132  9:35  Barracks  
  132  9:41  Marauder  
  132  9:44  SCV  
  135  9:46  SCV  
  135  9:52  Marine x2  
  138  9:54  Marine x2  
  138  9:55  Marauder  
  138  9:56  SCV, Medivac  
  138  9:58  SCV  
  146  10:03  Marauder  
  146  10:06  Barracks Reactor  
  148  10:08  SCV  
  148  10:10  SCV  
  148  10:13  SCV  
  151  10:16  Refinery  
  151  10:18  Refinery  
  151  10:20  SCV  
  152  10:22  SCV, Barracks Reactor  
  152  10:24  Marauder, Sensor Tower  
  152  10:25  SCV  
  156  10:29  Ghost Academy  
  156  10:32  SCV  
  156  10:35  SCV  
  158  10:37  SCV  
  159  10:45  Marauder  
  159  10:49  SCV  
  162  11:01  Orbital Command, SCV  
  163  11:07  SCV  
  163  11:10  SCV  
  165  11:12  Marine x2  
  165  11:13  SCV  
  165  11:14  Marine x2  
  165  11:15  Marine x4  
  165  11:17  Barracks Tech Lab  
  174  11:19  SCV  
  174  11:22  SCV  
  176  11:26  SCV  
  176  11:30  Marine x2  
  176  11:31  SCV  
  180  11:37  Concussive Shells  
  180  11:44  Supply Depot, Terran Infantry Weapons Level 3  
  180  11:45  Terran Infantry Armor Level 3  
  180  11:56  SCV  
  179  12:06  Supply Depot  
  179  12:08  Siege Tank, SCV  
  173  12:10  SCV  
  173  12:12  Marine x2  
  159  12:20  SCV  
  159  12:22  SCV  
  157  12:30  Marine x2  
  157  12:40  Siege Tank  
  157  12:42  Marine  
  157  12:44  Marine  
  157  12:45  Marine x4  
  157  12:48  Marine x2  
  146  13:00  Marine  
  142  13:06  Marine  
  142  13:12  Siege Tank  
  136  13:44  Siege Tank  
  139  13:53  Command Center  
  139  13:57  Marine x4  
  139  13:58  Marine  
  139  14:00  Marauder, Marine x2  
  148  14:15  Marine x2  
  148  14:16  Marauder, Siege Tank  
  155  14:18  Marine x2  
  155  14:21  Marauder  
  159  14:33  Marine  
  159  14:37  Marauder  
  162  14:43  Marauder  
  164  14:59  Marauder  
Show
View Real Time Build Order
Export as new Build Order

Apoptosis Zerg 

Build Orders: Hatch First 

Get SALT Encoding   

  12  0:01  Drone  
  13  0:12  Overlord  
  13  0:17  Drone  
  14  0:31  Drone x2  
  14  0:34  Drone  
  17  0:55  Hatchery  
  17  0:56  Drone  
  17  1:00  Drone  
  18  1:10  Extractor  
  17  1:17  Spawning Pool  
  16  1:19  Drone  
  16  1:23  Drone  
  18  1:28  Drone  
  19  1:38  Overlord  
  19  1:50  Drone  
  20  2:04  Zergling x2, Queen  
  20  2:07  Zergling x2, Queen  
  26  2:12  Metabolic Boost  
  26  2:15  Zergling x2  
  26  2:18  Drone  
  26  2:22  Drone  
  29  2:28  Drone  
  30  2:37  Drone  
  29  2:50  Drone x2  
  29  2:51  Drone  
  32  2:55  Overlord  
  32  3:03  Queen  
  34  3:06  Overlord  
  34  3:16  Drone x4  
  34  3:17  Drone  
  39  3:23  Hatchery  
  39  3:34  Drone x5  
  43  3:42  Drone  
  43  3:43  Lair  
  44  4:04  Baneling Nest  
  44  4:07  Drone  
  44  4:08  Drone x8  
  44  4:09  Overlord  
  52  4:30  Zergling x8  
  56  4:43  Overlord x2  
  56  4:44  Overlord  
  56  4:46  Queen  
  56  4:47  Queen  
  56  4:48  Drone x4  
  56  4:49  Drone x2  
  66  4:57  Centrifical Hooks  
  66  5:01  Evolution Chamber  
  66  5:03  Evolution Chamber  
  66  5:05  Drone x7  
  66  5:06  Drone x3  
  74  5:09  Extractor  
  74  5:12  Extractor x3  
  70  5:17  Overlord  
  70  5:21  Queen  
  70  5:22  Queen  
  74  5:38  Drone x5  
  74  5:39  Drone x3  
  82  5:47  Zerg Ground Armor Level 1  
  82  5:49  Zergling x14  
  89  6:10  Zerg Melee Weapons Level 1  
  89  6:15  Zergling x2  
  89  6:16  Overlord x5, Hydralisk Den  
  89  6:17  Overlord x2  
  89  6:20  Pneumatized Carapace  
  89  6:27  Infestation Pit, Overseer  
  89  6:29  Zergling x4  
  90  6:49  Baneling x12  
  90  6:51  Zergling x30  
  105  7:01  Hatchery  
  104  7:23  Hive  
  97  7:43  Hydralisk x4  
  97  7:44  Hydralisk x2  
  103  7:45  Hydralisk x2  
  103  7:46  Hydralisk x7  
  127  8:04  Zerg Ground Armor Level 2  
  127  8:07  Hydralisk  
  127  8:08  Zergling x8  
  127  8:09  Zergling x8  
  137  8:31  Zergling x14  
  137  8:32  Zergling x6  
  137  8:33  Hatchery  
  146  8:34  Baneling x13  
  146  8:35  Baneling x3  
  146  8:49  Overlord x5  
  146  8:50  Overlord  
  146  8:52  Zerg Melee Weapons Level 2  
  146  9:00  Overlord x3  
  146  9:02  Adrenal Glands  
  146  9:10  Drone x8  
  154  9:25  Ultralisk Cavern  
  154  9:26  Drone  
  154  9:27  Drone  
  153  9:59  Drone x7  
  160  10:09  Queen  
  162  10:22  Ultralisk x3  
  162  10:23  Ultralisk  
  162  10:26  Zergling x26  
  199  10:35  Baneling  
  199  10:36  Baneling x10  
  199  10:55  Chitinous Plating  
  199  11:25  Hatchery  
  198  11:31  Hatchery  
  167  12:12  Zergling x4  
  167  12:13  Zergling x58  
  159  12:27  Hydralisk x4  
  159  12:29  Spawning Pool  
  135  12:48  Hydralisk  
  135  12:49  Hydralisk x7  
  72  13:29  Lair  
  72  13:33  Zergling x12  
  78  13:44  Hatchery  
  78  13:45  Zergling x2  
  78  13:46  Zergling x8  
  82  13:49  Queen  
  84  14:06  Baneling Nest  
  84  14:08  Drone  
  84  14:09  Drone x7  
  91  14:11  Drone x3  
  94  14:29  Zergling x18  
  103  14:40  Hydralisk Den  
  103  14:43  Evolution Chamber  
  103  14:45  Infestation Pit  
  100  14:50  Zergling x2  
  100  14:51  Zergling x24  
  113  14:53  Baneling  
  113  14:54  Baneling x21  
  113  14:55  Baneling x17  
Tags
 
Add a new tag
Caveats
  • Supply blocks, unpowered buildings, or Contaminate may cause inaccurate times.
  • Supply counts are checked every 10 seconds.